 Dungeon Crawl Stone Soup version 0.23.2-1-ga50397a (webtiles) character file.

Game seed: 12272080838187529522

247 Borgoz the Ruffian (level 6, -1/52 HPs)
             Began as a Ghoul Monk on May 24, 2019.
             Slain by an ogre
             ... wielding a +0 giant spiked club
              (11 damage)
             ... on level 4 of the Dungeon.
             The game lasted 00:02:54 (1464 turns).

Borgoz the Ruffian (Ghoul Monk)                     Turns: 1464, Time: 00:02:55

Health: -1/52      AC:  6    Str: 17    XL:     6   Next: 11%
Magic:  5/5        EV: 11    Int:  5    God:
Gold:   197        SH:  0    Dex: 11    Spells: 5/5 levels left

rFire    . . .     SeeInvis .     - Unarmed
rCold    + . .     Gourm    .   (no shield)
rNeg     + + +     Faith    .   e - +0 scale mail
rPois    ∞         Spirit   .   (no helmet)
rElec    .         Reflect  .   (no cloak)
rCorr    .         Harm     .   (no gloves)
MR       .....                  (no boots)
Stlth    ..........             (no amulet)
HPRegen  0.00/turn              (no ring)
MPRegen  0.09/turn              m - ring of attention (curse)

@: rotting
A: rotting body, claws 1, carnivore, cold resistance 1, negative energy
resistance 3, inhibited regeneration, torment resistance, unbreathing
a: no special abilities


You were on level 4 of the Dungeon.
You were not hungry.

You visited 1 branch of the dungeon, and saw 4 of its levels.

You collected 197 gold pieces.

Inventory:

Armour
 e - a +0 scale mail (worn)
Jewellery
 k - an uncursed ring of poison resistance
 m - a cursed ring of attention (right claw)
Wands
 a - a wand of random effects (4)
Scrolls
 c - 2 scrolls of teleportation
 d - 2 scrolls of enchant weapon {unknown}
 f - 2 scrolls of immolation {unknown}
 h - a scroll of remove curse {unknown}
 l - 3 scrolls of amnesia {unknown}
 n - a scroll of noise {unknown}
Potions
 g - a potion of haste
 i - 2 potions of curing {unknown}
 j - 2 potions of degeneration {unknown}
Comestibles
 b - 3 rations
 o - 3 chunks of flesh


   Skills:
 + Level 4.1 Fighting
 * Level 2.5 Armour
 * Level 4.0 Dodging
 - Level 2.1 Stealth
 * Level 4.7 Unarmed Combat


You had 5 spell levels left.
You didn't know any spells.
Your spell library was empty.

Dungeon Overview and Level Annotations

Branches:
Dungeon (5/15)
 Temple: D:4-7

Altars:

Shops:
D:5 [


Innate Abilities, Weirdness & Mutations

Your body is rotting away.
You thrive on raw meat.
You are immune to poison.
You have sharp fingernails.
You are carnivorous and can eat meat at any time.
Your flesh is cold resistant. (rC+)
You are immune to negative energy. (rN+++)
You do not regenerate when monsters are visible.
You are immune to unholy pain and torment.
You can survive without breathing.


Message History

The ogre is moderately wounded.
The ogre hits you with a +0 giant spiked club.
You scratch the ogre.
The ogre is moderately wounded.
You claw the ogre!
The ogre is severely wounded.
The ogre closely misses you.
You scratch the ogre.
The ogre is severely wounded.
The ogre barely misses you.
You completely miss the ogre.
The ogre is severely wounded.
You barely miss the ogre.
The ogre is severely wounded.
The ogre hits you with a +0 giant spiked club!!
* * * LOW HITPOINT WARNING * * *
You scratch the ogre.
The ogre is almost dead.
The ogre hits you with a +0 giant spiked club!
You die...

.....##.....#####.....####.#
..#.........#######'### #.#
..#.........#.......# #.#
............#.......# #.#
.#..................######.#
.#.O.##..................#.#
.##..# ................#.#
.##.># #......O#.......#.#
####.# +......@..........#
#.# #....$..##.#####..# ...
#.......##........# ...
#...........#####.######
<...########........#
#...)... ##..... #........#
#######. #...O #........# #.
... #........# #. ).#
#....###.# #.


You could see an ogre.

Vanquished Creatures
  An ogre (D:4)
  Blork the orc (D:5)
  A centaur skeleton (D:5)
  A worker ant (D:5)
  2 adders
  A worm (D:2)
  A dart slug (D:1)
  A leopard gecko (D:1)
  2 orcs
  A ball python (D:2)
  2 bats (D:1)
  3 giant cockroaches
  3 goblins
  A hobgoblin (D:1)
  A quokka (D:4)
  A frilled lizard (D:2)
  3 rats
26 creatures vanquished.

Notes
Turn   | Place    | Note
-------+----------+-------------------------------------------
     0 | D:1      | Borgoz the Ghoul Monk began the quest for the Orb.
     0 | D:1      | Reached XP level 1. HP: 19/19 MP: 0/0
    72 | D:1      | Reached XP level 2. HP: 22/26 MP: 1/1
   818 | D:2      | Reached skill level 1 in Armour
   823 | D:2      | Reached XP level 3. HP: 31/31 MP: 2/2
   839 | D:2      | You fall through a shaft for 2 floors!
   952 | D:4      | Noticed an ogre
  1000 | D:5      | Entered Level 5 of the Dungeon
  1079 | D:5      | Reached XP level 4. HP: 28/39 MP: 3/3
  1128 | D:5      | Found Risu's Armour Shoppe.
  1176 | D:5      | Noticed Blork the orc
  1194 | D:5      | Killed Blork the orc
  1194 | D:5      | Reached XP level 5. HP: 41/46 MP: 4/4
  1370 | D:4      | Noticed an ogre
  1379 | D:4      | Killed an ogre
  1379 | D:4      | Reached XP level 6. HP: 17/52 MP: 5/5
  1464 | D:4      | Slain by an ogre

Skill      XL: |  1  2  3  4  5 |
---------------+----------------+-----
Dodging        | 3 4 |  4.0
Armour         | 1 2 |  2.5
Unarmed Combat | 4 |  4.7
Fighting       | 4 |  4.1
Stealth        | |  2.1

Action                   |  1- 3 |  4- 6 || total
-------------------------+-------+-------++-------
Melee: Unarmed           |    62 |    55 ||   117
       Punch             |       |     1 ||     1
  Use: Potion            |       |     2 ||     2
       Scroll            |       |     1 ||     1
 Stab: Sleeping          |     1 |       ||     1
  Eat: Chunk             |     3 |     3 ||     6
Armor: Scale mail        |    21 |     7 ||    28
Dodge: Dodged            |    27 |    22 ||    49
